 Dungeon Crawl Stone Soup version 0.29-a0-330-g52719c12eb (webtiles) character file.

Game seed: 15408309218801020346

7171 Basado the Frost Mage (level 11, -8/121 HPs)
             Began as a Gnoll Ice Elementalist on May 8, 2022.
             Was a Believer of Qazlal.
             Mangled by a vampire (10 damage)
             ... on level 9 of the Dungeon.
             The game lasted 00:22:12 (9861 turns).

Basado the Frost Mage (Gnoll Ice Elementalist)      Turns: 9861, Time: 00:22:13

Health: -8/121     AC:  5    Str:  7    XL:     11   Next: 11%
Magic:  18/22      EV: 15    Int: 19    God:    Qazlal [**....]
Gold:   442        SH:  2    Dex: 13    Spells: 18/25 levels left

rFire   . . .      SeeInvis .   y - +2 long sword (holy)
rCold   + . .      Faith    .   (no shield)
rNeg    . . .      Spirit   .   a - +0 robe
rPois   .          Reflect  .   c - +0 helmet
rElec   .          Harm     .   (no cloak)
rCorr   .          Rampage  .   d - +0 pair of gloves
Will    .....                   (no boots)
Stlth   ..........              (no amulet)
HPRegen 0.30/turn               p - ring of protection from cold
MPRegen 0.18/turn               (no ring)

@: berserking, very quick
A: fangs 1, strong nose, distributed training
a: Renounce Religion, Upheaval


You were on level 9 of the Dungeon.
You worshipped Qazlal.
Qazlal was pleased with you.
You visited 2 branches of the dungeon, and saw 10 of its levels.

You collected 442 gold pieces.

Inventory:

Hand Weapons
 e - a +0 mace of protection
 k - the +11 dagger "Conservator" {protect, rElec rPois Str+3 Dex-5}
   (You found it on level 2 of the Dungeon)

   It grants its wielder temporary protection when it strikes (+7 to AC).
   Str:       It affects your strength (+3).
   Dex:       It affects your dexterity (-5).
   rElec:     It insulates you from electricity.
   rPois:     It protects you from poison.
 y - a +2 long sword of holy wrath (weapon)
 A - a +3 broad axe
 C - a +0 quarterstaff of draining
Missiles
 w - 17 poisoned darts
Armour
 a - a +0 robe (worn)
 c - a +0 helmet (worn)
 d - a +0 pair of gloves (worn)
 B - a scarf of harm
Jewellery
 p - a ring of protection from cold (left hand)
 s - a ring of poison resistance
Wands
 o - a wand of digging (4)
 v - a wand of paralysis (1)
Scrolls
 b - 3 scrolls of summoning
 g - 6 scrolls of blinking {unknown}
 h - a scroll of fog
 j - 9 scrolls of identify {unknown}
 m - 3 scrolls of enchant armour {unknown}
 n - 2 scrolls of vulnerability {unknown}
 r - 2 scrolls of fear {unknown}
 t - 3 scrolls of teleportation {unknown}
 u - a scroll of torment {unknown}
 x - 2 scrolls of amnesia {unknown}
 G - a scroll of immolation {unknown}
Potions
 f - a potion of heal wounds {unknown}
 i - a potion of berserk rage
 l - 2 potions of flight
 q - 2 potions of curing
 D - a potion of magic
 E - a potion of mutation {unknown}
 F - a potion of attraction {unknown}


   Skills:
 + Level 6.0 Fighting
 + Level 6.0 Short Blades
 + Level 6.0 Long Blades
 + Level 6.0 Axes
 + Level 6.0 Maces & Flails
 + Level 6.0 Polearms
 + Level 6.0 Staves
 + Level 6.0 Slings
 + Level 6.0 Bows
 + Level 6.0 Crossbows
 + Level 6.0 Throwing
 + Level 6.0 Armour
 + Level 7.6 Dodging
 + Level 7.4 Stealth
 + Level 6.0 Shields
 + Level 6.0 Unarmed Combat
 + Level 7.9 Spellcasting
 + Level 4.9 Conjurations
 + Level 4.9 Hexes
 + Level 4.9 Summonings
 + Level 4.9 Necromancy
 + Level 4.9 Translocations
 + Level 4.9 Transmutations
 + Level 4.9 Fire Magic
 + Level 8.8 Ice Magic
 + Level 4.9 Air Magic
 + Level 4.9 Earth Magic
 + Level 4.9 Poison Magic
 + Level 6.5 Invocations
 + Level 6.0 Evocations


You had 18 spell levels left.
You knew the following spells:

 Your Spells              Type           Power      Damage    Failure   Level
a - Freeze                Ice            100%       1d11      1%          1
b - Frozen Ramparts       Ice            80%        1d10      1%          3
c - Ozocubu's Armour      Ice            40%        N/A       1%          3

Your spell library contained the following spells:

 Spells                   Type           Power      Damage    Failure   Level
 Slow                     Hex            100%       N/A       1%          1
 Corpse Rot               Necr/Air       52%        N/A       1%          2
 Poisonous Vapours        Pois/Air       52%        N/A       1%          2
 Confusing Touch          Hex            26%        N/A       3%          3
 Vampiric Draining        Necr           26%        2d7       3%          3
 Hailstorm                Conj/Ice       33%        3d8       5%          4


Dungeon Overview and Level Annotations

Branches:
Dungeon (9/15)             Temple (1/1) D:5            Lair (0/6) D:8
    Orc: D:9-12

Altars:
Cheibriados
Dithmenos
Elyvilon
Fedhas
Gozag
Hepliaklqana
Makhleb
Okawaru
Qazlal
Ru
Sif Muna
Uskayaw
Vehumet
Wu Jian
Yredelemnul
Zin
The Shining One
Lugonu

Shops:
D:7 (

Portals:
Abyss: D:4


Innate Abilities, Weirdness & Mutations

You have very sharp teeth.
Your uncanny sense of smell can sniff out nearby items.
Your experience applies equally to all skills.


Message History

Your icy armour and frozen ramparts will break if you move.
Continue?
You closely miss something.
The wall freezes something.
You hear some strange, mumbled words.
You are confused.
The wall freezes something.
Something hits you. Something bites you!
Something draws strength from your injuries!
Your icy armour and frozen ramparts will break if you move.
Continue?
Your icy armour cracks and falls away as you move.
The frozen ramparts melt away as you move.
You closely miss something. Something barely misses you. x2
You miss something.
A wyvern comes into view.
Something hits you. Something bites you!
Something draws strength from your injuries!
Something hits you. Something bites you.
Something draws strength from your injuries!
You bump into the rock wall.
You feel less confused. Something hits you! Something completely misses you.
There is a strange disturbance nearby!
Something hits you!
* * * LOW HITPOINT WARNING * * *
Something bites you but does no damage.
Things that are here:
a +0 flail; a +0 robe It was a potion of berserk rage.
A red film seems to cover your vision as you go berserk!
You feel yourself moving faster!
You feel mighty! Something hits you!
* * * LOW HITPOINT WARNING * * *
Something bites you!
* * * LOW HITPOINT WARNING * * *
Something draws strength from your injuries!
You miss something.
The wyvern hisses angrily.
You punch something.
The wyvern hisses menacingly.
Something barely misses you. Something bites you but does no damage.
You slash something! You closely miss something. Something barely misses you.
Something bites you!
You die...

### # ######## #.. .#
.......# #.# ..###
.)<....######.######......
###)†)..................#
....<.......l..†......$...
###.##.###.....){###.#..##
#.##.# #.##.##@# .# .#
#.##.###.##.##.# #
#.##....)...##.#
#.##.#......##.#
###.##.#..l#####.#
#......##........#
#.#.#####.#####.## ....#
#.# . .#..# #..


You could see a wyvern.

Vanquished Creatures
  2 death yaks (D:8)
  Pikel (D:5)
  Grinder (D:5)
  Prince Ribbit (D:5)
  2 hornets
  A wraith (D:5)
  4 yaks (D:8)
  Eustachio (D:5)
  A steam dragon (D:8)
  Duvessa (D:6)
  An orc warrior (D:7)
  2 black bears
  A sky beast (D:6)
  2 ice beasts
  3 ogres
  4 centaurs
  2 phantoms (D:7)
  A lemure (D:5)
  Blork the orc (D:5)
  A kobold brigand (D:9)
  3 bullfrogs (D:7)
  5 wights
  Dowan (D:6)
  6 howler monkeys
  2 jellies
  A quasit (D:5)
  5 hounds
  Crazy Yiuf (D:5)
  4 orc priests
  2 iguanas
  2 orc wizards
  A hell rat (D:8)
  8 adders
  2 river rats (D:8)
  2 shadow imps
  3 white imps
  An ufetubus (D:6)
  A worm (D:2)
  17 orcs
  4 endoplasms
  6 goblins
  6 hobgoblins
  3 jackals
  8 quokkas
  5 ball pythons
  3 bats (D:1)
  2 frilled lizards (D:1)
  A goblin skeleton (D:5)
  2 goblin zombies (D:5)
  2 hobgoblin zombies (D:5)
  9 kobolds
  2 orc zombies (D:5)
  9 rats
  A lurking horror (D:4)
163 creatures vanquished.

Vanquished Creatures (collateral kills)
  A death yak (D:8)
  2 yaks (D:8)
3 creatures vanquished.

Grand Total: 166 creatures vanquished

Notes
Turn   | Place    | Note
-------+----------+-------------------------------------------
     0 | D:1      | Basado the Gnoll Ice Elementalist began the quest for the
                  | Orb.
     0 | D:1      | Reached XP level 1. HP: 13/13 MP: 6/6
   180 | D:1      | Reached XP level 2. HP: 1/19 MP: 4/7
   758 | D:1      | Found a faded altar of an unknown god.
  1060 | D:2      | Reached XP level 3. HP: 25/25 MP: 7/9
  1172 | D:2      | Reached skill level 5 in Spellcasting
  1250 | D:2      | Reached skill level 1 in Invocations
  1251 | D:2      | Identified the +11 dagger "Conservator" {protect, rElec
                  | rPois Str+3 Dex-5}
  1470 | D:2      | Reached skill level 1 in Fighting
  1470 | D:2      | Reached skill level 1 in Short Blades
  1470 | D:2      | Reached skill level 1 in Long Blades
  1470 | D:2      | Reached skill level 1 in Axes
  1470 | D:2      | Reached skill level 1 in Maces & Flails
  1470 | D:2      | Reached skill level 1 in Polearms
  1470 | D:2      | Reached skill level 1 in Staves
  1470 | D:2      | Reached skill level 1 in Slings
  1470 | D:2      | Reached skill level 1 in Bows
  1470 | D:2      | Reached skill level 1 in Crossbows
  1470 | D:2      | Reached skill level 1 in Throwing
  1470 | D:2      | Reached skill level 1 in Armour
  1470 | D:2      | Reached skill level 1 in Shields
  1470 | D:2      | Reached skill level 1 in Unarmed Combat
  1470 | D:2      | Reached skill level 1 in Evocations
  1806 | D:3      | Reached XP level 4. HP: 32/32 MP: 9/11
  1996 | D:4      | Learned a level 3 spell: Frozen Ramparts
  2205 | D:4      | Found a shimmering blue altar of Sif Muna.
  2327 | D:4      | Found a radiant altar of Vehumet.
  2359 | D:4      | Found a one-way gate to the infinite horrors of the Abyss.
  2367 | D:4      | Found a corrupted altar of Lugonu.
  2612 | D:4      | Noticed an ogre
  2616 | D:4      | Killed an ogre
  2617 | D:4      | Reached skill level 1 in Conjurations
  2617 | D:4      | Reached skill level 1 in Hexes
  2617 | D:4      | Reached skill level 1 in Summonings
  2617 | D:4      | Reached skill level 1 in Necromancy
  2617 | D:4      | Reached skill level 1 in Translocations
  2617 | D:4      | Reached skill level 1 in Transmutations
  2617 | D:4      | Reached skill level 1 in Fire Magic
  2617 | D:4      | Reached skill level 1 in Air Magic
  2617 | D:4      | Reached skill level 1 in Earth Magic
  2617 | D:4      | Reached skill level 1 in Poison Magic
  2617 | D:4      | Reached XP level 5. HP: 37/37 MP: 5/12
  2621 | D:4      | Learned a level 3 spell: Ozocubu's Armour
  2968 | D:5      | Entered Level 5 of the Dungeon
  2968 | D:5      | Noticed Pikel
  2968 | D:5      | Noticed a lemure
  2968 | D:5      | Noticed a lemure
  2968 | D:5      | Noticed a lemure
  2972 | D:5      | Killed a lemure
  2972 | D:5      | Noticed a lemure
  2978 | D:5      | Noticed a wraith
  2981 | D:5      | Killed Pikel
  2982 | D:5      | Reached skill level 5 in Dodging
  2982 | D:5      | Reached XP level 6. HP: 46/46 MP: 4/14
  2982 | D:5      | Reached XP level 7. HP: 51/51 MP: 4/15
  2988 | D:5      | Killed a wraith
  2989 | D:5      | Reached skill level 5 in Stealth
  3135 | D:5      | Reached XP level 8. HP: 56/57 MP: 11/16
  3198 | D:5      | Noticed Prince Ribbit
  3210 | D:5      | Killed Prince Ribbit
  3568 | D:5      | Found a glowing golden altar of the Shining One.
  3653 | D:5      | Found a runed translucent door.
  3654 | D:5      | Noticed Crazy Yiuf
  3689 | D:5      | Found a staircase to the Ecumenical Temple.
  3701 | D:5      | Noticed Grinder
  3710 | Temple   | Entered the Ecumenical Temple
  3847 | Temple   | Became a worshipper of Qazlal Stormbringer
  3868 | D:5      | Found a basalt altar of Yredelemnul.
  3888 | D:5      | Paralysed by Grinder for 2 turns
  3893 | D:5      | Paralysed by Grinder for 5 turns
  3898 | D:5      | Killed Grinder
  4045 | D:5      | Noticed Blork the orc
  4053 | D:5      | Killed Blork the orc
  4149 | D:5      | Noticed Eustachio
  4439 | D:5      | Killed Crazy Yiuf
  4554 | D:5      | Killed Eustachio
  4555 | D:5      | Reached XP level 9. HP: 57/65 MP: 11/18
  4979 | D:6      | Found a sacrificial altar of Ru.
  5157 | D:6      | Noticed Duvessa
  5165 | D:6      | Noticed Dowan
  5525 | D:6      | Killed Dowan
  5528 | D:6      | Killed Duvessa
  5529 | D:6      | Reached skill level 8 in Ice Magic
  5908 | D:6      | Found a blossoming altar of Fedhas.
  5967 | D:6      | Reached * piety under Qazlal
  6391 | D:7      | Noticed a hornet
  6396 | D:7      | Killed a hornet
  6440 | D:7      | Reached skill level 5 in Invocations
  7009 | D:7      | Found a shadowy altar of Dithmenos.
  7048 | D:7      | Reached XP level 10. HP: 18/73 MP: 11/20
  7546 | D:7      | Found Agopsog's Weapon Shoppe.
  7962 | D:8      | Reached skill level 5 in Fighting
  7962 | D:8      | Reached skill level 5 in Short Blades
  7962 | D:8      | Reached skill level 5 in Long Blades
  7962 | D:8      | Reached skill level 5 in Axes
  7962 | D:8      | Reached skill level 5 in Maces & Flails
  7962 | D:8      | Reached skill level 5 in Polearms
  7962 | D:8      | Reached skill level 5 in Staves
  7962 | D:8      | Reached skill level 5 in Slings
  7962 | D:8      | Reached skill level 5 in Bows
  7962 | D:8      | Reached skill level 5 in Crossbows
  7962 | D:8      | Reached skill level 5 in Throwing
  7962 | D:8      | Reached skill level 5 in Armour
  7962 | D:8      | Reached skill level 5 in Shields
  7962 | D:8      | Reached skill level 5 in Unarmed Combat
  7962 | D:8      | Reached skill level 5 in Evocations
  8183 | D:8      | Noticed a death yak
  8183 | D:8      | Noticed a death yak
  8184 | D:8      | Noticed a death yak
  8219 | D:8      | Killed a death yak
  8225 | D:8      | Killed a death yak
  8466 | D:8      | HP: 3/75 [yak (11)]
  8909 | D:8      | Reached ** piety under Qazlal
  9026 | D:8      | Found a staircase to the Lair.
  9176 | D:8      | Killed a death yak
  9184 | D:8      | Reached XP level 11. HP: 28/81 MP: 22/22
  9570 | D:8      | Found a glowing silver altar of Zin.
  9709 | D:9      | Paralysed by a hornet for 1 turns
  9858 | D:9      | HP: 1/121 [something (11)]
  9861 | D:9      | Mangled by a vampire

Illustrated notes

Levels and vault maps discovered:
D:1:      minmay_arrival_four_loops, layout_rooms,
          hellmonk_ecumenical_altar_pennies_from_heaven
D:2:      layout_basic, kennysheep_generic_room_12
D:3:      layout_rooms, mainiacjoe_overflow_swirl, uniq_robin
D:4:      layout_loops_ring, mainiacjoe_overflow_surrounded_room,
          nicolae_vehumet_altar_sigil, amcnicky_altar_lugonu_corruption
D:5:      layout_loops_ring, nicolae_tso_besieged_by_evil,
          mainiacjoe_overflow_chevrons, minmay_temple_entry_overgrown,
          uniq_eustachio, uniq_prince_ribbit1, uniq_crazy_yiuf_cottage,
          uniq_pikel, uniq_blork_the_orc, uniq_grinder
D:6:      layout_cave_pods, nicolae_ru_sacrificial_ziggurat, marbit_many_paths,
          uniq_duvessa
D:7:      layout_basic, general_overflow_altar, serial_shops,
          kennysheep_little_box, minmay_misc_feat_secret_circle, dk_vineyard_1
D:8:      hellmonk_destroyed_diamonds, layout_cave_pools, zin_scriptorium,
          dpeg_lair_monsters
D:9:      layout_loops_ring, nicolae_kikubaaqudgha_miasma_corner
Temple:   nicolae_temple_figure_zero

Skill      XL: |  1  2  3  4  5  6  7  8  9 10 11 |
---------------+----------------------------------+-----
Spellcasting   | 5 6 7 |  7.9
Invocations    | 1 2 3 4 5 6 |  6.5
Fighting       | 1 2 3 4 5 6 |  6.0
Short Blades   | 1 2 3 4 5 6 |  6.0
Long Blades    | 1 2 3 4 5 6 |  6.0
Axes           | 1 2 3 4 5 6 |  6.0
Maces & Flails | 1 2 3 4 5 6 |  6.0
Polearms       | 1 2 3 4 5 6 |  6.0
Staves         | 1 2 3 4 5 6 |  6.0
Slings         | 1 2 3 4 5 6 |  6.0
Bows           | 1 2 3 4 5 6 |  6.0
Crossbows      | 1 2 3 4 5 6 |  6.0
Throwing       | 1 2 3 4 5 6 |  6.0
Armour         | 1 2 3 4 5 6 |  6.0
Shields        | 1 2 3 4 5 6 |  6.0
Unarmed Combat | 1 2 3 4 5 6 |  6.0
Evocations     | 1 2 3 4 5 6 |  6.0
Conjurations   | 1 2 3 4 |  4.9
Hexes          | 1 2 3 4 |  4.9
Summonings     | 1 2 3 4 |  4.9
Necromancy     | 1 2 3 4 |  4.9
Translocations | 1 2 3 4 |  4.9
Transmutations | 1 2 3 4 |  4.9
Fire Magic     | 1 2 3 4 |  4.9
Air Magic      | 1 2 3 4 |  4.9
Earth Magic    | 1 2 3 4 |  4.9
Poison Magic   | 1 2 3 4 |  4.9
Dodging        | 5 6 7 |  7.6
Stealth        | 5 6 7 |  7.4
Ice Magic      | 8 |  8.8

Action                   |  1- 3 |  4- 6 |  7- 9 | 10-12 || total
-------------------------+-------+-------+-------+-------++-------
Melee: Unarmed           |     7 |       |       |       ||     7
       Mace              |    21 |       |       |       ||    21
       Bite              |     2 |       |    11 |    13 ||    26
       Dagger            |    14 |    13 |    82 |    90 ||   199
       Punch             |       |       |     2 |     3 ||     5
       Broad axe         |       |       |    47 |       ||    47
       Long sword        |       |       |       |    24 ||    24
 Cast: Freeze            |    27 |    17 |    41 |    38 ||   123
       Frozen Ramparts   |       |     3 |    21 |    13 ||    37
       Ozocubu's Armour  |       |     1 |    16 |     9 ||    26
Evoke: Wand              |       |       |     1 |       ||     1
  Use: Potion            |     1 |       |     2 |     4 ||     7
       Scroll            |       |       |       |     2 ||     2
 Stab: Sleeping          |     3 |       |     6 |       ||     9
Armor: Robe              |    17 |    13 |    71 |    50 ||   151
Dodge: Dodged            |    45 |    18 |   190 |   104 ||   357
Block: Other             |       |       |     1 |    11 ||    12

Table legend: (Time is in decaauts)
 A = Elapsed time spent in this place.
 B = Non-inter-level travel time spent in this place.
 C = Inter-level travel time spent in this place.
 D = Time resting spent in this place.
 E = Time spent auto-exploring this place.
 F = Levels seen in this place.
 G = Mean time per level.
                   A        B        C        D        E       F      G
               +--------+--------+--------+--------+--------+-----+--------+
         Total |   9814 |   9563 |    251 |    567 |   7571 |  10 |  981.4 |
       Dungeon |   9664 |   9441 |    223 |    567 |   7459 |   9 | 1073.8 |
        Temple |    150 |    122 |     28 |      0 |    112 |   1 |  150.0 |
               +--------+--------+--------+--------+--------+-----+--------+

Top non-repeatable levels by time:
     D:7: 1995 daAuts
     D:5: 1772 daAuts
     D:6: 1400 daAuts
     D:8: 1275 daAuts
     D:1: 1046 daAuts
     D:4: 988 daAuts
     D:2: 764 daAuts
     D:9: 244 daAuts
     D:3: 176 daAuts
  Temple: 150 daAuts
